 Dungeon Crawl Stone Soup version 0.22.0-6-g71bd7aa (webtiles) character file.

6626 sking99 the Zephyrmancer (level 11, -13/72 HPs)
             Began as a Halfling Air Elementalist on Aug 14, 2018.
             Was an Elder of Vehumet.
             Mangled by a six-headed hydra (17 damage)
             ... on level 1 of the Lair of Beasts.
             The game lasted 00:58:36 (16225 turns).

sking99 the Zephyrmancer (HaAE)                    Turns: 16225, Time: 00:58:37

Health: -13/72     AC:  3    Str:  9    XL:     11   Next: 22%
Magic:  28/28      EV: 20    Int: 14    God:    Vehumet [****..]
Gold:   229        SH:  0    Dex: 16    Spells: 3/21 levels left

rFire    + + .     SeeInvis +   u - +2 dagger (venom)
rCold    + . .     Gourm    .   (shield restricted)
rNeg     + + .     Faith    .   a - +0 robe
rPois    +         Spirit   .   C - -2 hat of the Alchemist {rElec rPois rF+ rC+ rN+ MR+ rMut rCorr}
rElec    +         Reflect  .   r - +1 cloak "Pookhim" {rF+ rN+ MR+ Int-2}
rCorr    +         Harm     .   (no gloves)
rMut     +                      D - +0 pair of boots
MR       ++...                  (no amulet)
Stlth    ++........             w - ring of see invisible
HPRegen  0.22/turn              h - ring of magical power
MPRegen  0.21/turn

@: about to teleport
A: small, mutation resistance 1
a: Renounce Religion


You were on level 1 of the Lair of Beasts.
You worshipped Vehumet.
Vehumet was greatly pleased with you.
You were not hungry.

You visited 2 branches of the dungeon, and saw 11 of its levels.

You collected 665 gold pieces.
You spent 436 gold pieces at shops.

Inventory:

Hand Weapons
 u - a +2 dagger of venom (weapon)
Missiles
 m - 3 throwing nets (quivered)
Armour
 a - a +0 robe (worn)
 r - the +1 cloak "Pookhim" (worn) {rF+ rN+ MR+ Int-2}
   (You bought it in a shop on level 10 of the Dungeon)

   It affects your intelligence (-2).
   It protects you from fire.
   It protects you from negative energy.
   It affects your resistance to hostile enchantments.
 t - a +0 shield
 C - the -2 hat of the Alchemist (worn) {rElec rPois rF+ rC+ rN+ MR+ rMut rCorr}
   (You found it on level 5 of the Dungeon)

   It protects you from fire.
   It protects you from cold.
   It insulates you from electricity.
   It protects you from poison.
   It protects you from negative energy.
   It affects your resistance to hostile enchantments.
   It provides partial protection from all sources of acid and corrosion.
   It protects you from mutation.
 D - a +0 pair of boots (worn)
Jewellery
 d - an uncursed ring of stealth
 h - a ring of magical power (right hand)
 w - a ring of see invisible (left hand)
Wands
 f - a wand of iceblast (7)
 l - a wand of digging (11)
 x - a wand of random effects (32)
 B - a wand of paralysis (22)
 F - a wand of enslavement (13)
 M - a wand of flame (20)
Scrolls
 e - 3 scrolls of remove curse
 i - a scroll of magic mapping {unknown}
 j - a scroll of teleportation
 k - a scroll of immolation
 o - a scroll of enchant weapon {unknown}
 p - 2 scrolls of amnesia {unknown}
 q - a scroll of enchant armour {unknown}
 v - a scroll of fog {unknown}
 y - a scroll of torment {unknown}
 I - a scroll of noise {unknown}
 J - a scroll of blinking
Potions
 b - a potion of lignification
 g - 6 potions of curing
 n - 3 potions of flight
 s - 2 potions of heal wounds
 z - a potion of experience {unknown}
 A - 2 potions of cancellation
 E - 2 potions of magic
 G - a potion of berserk rage
 H - 2 potions of might
 L - a potion of haste
Comestibles
 c - 23 rations


   Skills:
 - Level 6.2 Fighting
 + Level 7.8 Dodging
 - Level 2.1 Stealth
 + Level 5.9 Spellcasting
 - Level 5.0 Conjurations
 - Level 1.0 Charms
 - Level 3.2 Translocations
 - Level 9.0 Air Magic


You had 3 spell levels left.
You knew the following spells:

 Your Spells              Type           Power        Failure   Level  Hunger
a - Shock                 Conj/Air       ###.         1%          1    None
b - Airstrike             Air            ####......   1%          4    ####...
c - Lightning Bolt        Conj/Air       ###.......   7%          5    ######.
d - Swiftness             Chrm/Air       ###.....     3%          2    #......
e - Blink                 Tloc           N/A          6%          2    #......
f - Olgreb's Toxic Radia  Pois           #.......     36%         4    ####...

Your spell library contained the following spells:

 Spells                   Type           Power        Failure   Level  Hunger
 Magic Dart               Conj           ###.         1%          1    None
 Apportation              Tloc           ##....       4%          1    None
 Conjure Flame            Conj/Fire      ##......     4%          3    ###....
 Slow                     Hex            #.......     24%         2    #......
 Confuse                  Hex            #.......     43%         3    ###....
 Mephitic Cloud           Conj/Pois/Air  ###.....     1%          3    ###....
 Summon Small Mammal      Summ           #...         16%         1    None
 Animate Skeleton         Necr           N/A          16%         1    None
 Call Imp                 Summ           #.......     24%         2    #......
 Tukima's Dance           Hex            #.......     43%         3    ###....
 Confusing Touch          Hex            #.....       16%         1    None
 Ensorcelled Hibernation  Hex/Ice        #.....       24%         2    #......
 Static Discharge         Conj/Air       ###.....     1%          3    ###....
 Corona                   Hex            #......      16%         1    None
 Dazzling Spray           Conj/Hex       ##....       4%          3    ###....


Dungeon Overview and Level Annotations

Branches:
Dungeon (10/15)            Temple (0/1) D:4            Lair (1/6) D:8
    Orc (0/2) D:10

Altars:
Ashenzari
Dithmenos
Elyvilon
Hepliaklqana
Kikubaaqudgha
Ru
Vehumet
Yredelemnul

Shops:
D:8 (   D:10 [

Annotations:
D:5 1 runed door, zapotec's ghost, novice OpGl
Lair:1 exclusion: oklob plant


Innate Abilities, Weirdness & Mutations

You are small and have problems with some larger weapons.
You are somewhat resistant to further mutation.


Message History

e - Blink; f - Olgreb's Toxic Radiance You climb downwards.
Welcome back to the Lair of Beasts!
Level annotation: exclusion: oklob plant The six-headed hydra bites you! x2; The six-headed hydra barely misses you.
The six-headed hydra bites you! The six-headed hydra bites you. x3
The six-headed hydra bites you! The six-headed hydra bites you.
* * * LOW HITPOINT WARNING * * *
The six-headed hydra bites you!
* * * LOW HITPOINT WARNING * * *
The six-headed hydra barely misses you.
The six-headed hydra closely misses you.
There is a staircase back to the Dungeon, spattered with blood here.
As you read the scroll of teleportation, it crumbles to dust.
You feel strangely unstable. The six-headed hydra bites you!
* * * LOW HITPOINT WARNING * * *
The six-headed hydra completely misses you.
The six-headed hydra misses you.
The six-headed hydra completely misses you.
The six-headed hydra bites you!
You die...

#P####.#.#########
#.................
##...#.####........
#...#.....#......##
#...#............#
##..+.....#......#
#...#............##
##..#D............#
#..#.@..........##
##.................
#P[.#..............
##........#........
#....###.#........
#...............#.
#.###.######P...#
##..#### #..###


You could see a six-headed hydra.

Vanquished Creatures
  A two-headed ogre (D:10)
  A black mamba (D:8)
  A hippogriff (D:8)
  A steam dragon (D:7)
  2 water moccasins
  2 porcupines (Lair:1)
  Purgy (D:3)
  2 black bears
  An orc warrior (D:8)
  4 ice beasts
  6 sky beasts
  8 ogres
  3 centaurs
  4 bullfrogs
  A wyvern zombie (D:10)
  3 scorpions
  7 killer bees (D:10)
  5 howler monkeys
  An electric eel (D:7)
  4 crimson imps
  2 bullfrog zombies
  2 centaur zombies
  A quasit (D:9)
  5 hounds
  Crazy Yiuf (D:3)
  5 orc priests
  A jelly (D:10)
  4 orc wizards
  2 bullfrog skeletons (D:7)
  2 centaur skeletons
  2 iguanas
  5 worker ants
  A killer bee zombie (D:8)
  A hound zombie (D:5)
  A hound skeleton (D:10)
  2 worker ant zombies
  3 howler monkey skeletons
  12 adders
  2 shadow imps
  An ooze (D:3)
  2 adder skeletons (D:4)
  4 worms (D:2)
  A dart slug (D:3)
  2 leopard geckos
  46 orcs
  A ball python (D:4)
  7 giant cockroaches
  15 goblins
  9 hobgoblins
  15 jackals
  6 kobolds
  A quokka (D:9)
  8 bats
  7 frilled lizards
  6 rats
243 creatures vanquished.

Vanquished Creatures (others)
  5 fungi (D:8)
  2 plants
7 creatures vanquished.

Grand Total: 250 creatures vanquished

Notes
Turn   | Place    | Note
-------+----------+-------------------------------------------
     0 | D:1      | sking99 the Halfling Air Elementalist began the quest for the Orb.
     0 | D:1      | Reached XP level 1. HP: 11/11 MP: 3/3
   189 | D:1      | Reached skill level 1 in Conjurations
   277 | D:1      | Reached XP level 2. HP: 17/17 MP: 1/4
   410 | D:1      | Learned a level 2 spell: Swiftness
   753 | D:1      | Reached XP level 3. HP: 21/21 MP: 2/5
  1848 | D:2      | Reached XP level 4. HP: 27/27 MP: 3/7
  1891 | D:2      | Reached skill level 1 in Charms
  2884 | D:3      | Reached XP level 5. HP: 28/31 MP: 0/8
  2966 | D:3      | Reached skill level 4 in Air Magic
  3071 | D:3      | Learned a level 4 spell: Airstrike
  3106 | D:3      | Noticed Purgy
  4289 | D:3      | Found a radiant altar of Vehumet.
  4298 | D:3      | Became a worshipper of Vehumet
  4451 | D:3      | Found a runed door.
  4627 | D:3      | Reached XP level 6. HP: 36/36 MP: 5/10
  4791 | D:3      | Killed Purgy
  5091 | D:3      | Noticed Crazy Yiuf
  5097 | D:3      | Killed Crazy Yiuf
  5097 | D:3      | Reached skill level 5 in Air Magic
  5338 | D:4      | Noticed an ogre
  5365 | D:4      | Killed an ogre
  5365 | D:4      | Reached skill level 1 in Fighting
  5365 | D:4      | Reached XP level 7. HP: 43/43 MP: 4/12
  5455 | D:4      | Found a sacrificial altar of Ru.
  5974 | D:4      | Found a staircase to the Ecumenical Temple.
  6286 | D:4      | Reached * piety under Vehumet
  6286 | D:4      | Offered knowledge of Magic Dart by Vehumet.
  6413 | D:5      | Entered Level 5 of the Dungeon
  6540 | D:5      | Reached XP level 8. HP: 51/51 MP: 2/14
  6547 | D:5      | Learned a level 5 spell: Lightning Bolt
  6787 | D:5      | Found a runed door.
  6874 | D:5      | Noticed zapotec's ghost (novice OpGl)
  6993 | D:5      | Reached skill level 6 in Air Magic
  7196 | D:5      | Found the -2 hat of the Alchemist {rElec rPois rF+ rC+ rN+ MR+ rMut rCorr}
  9035 | D:6      | Reached XP level 9. HP: 58/58 MP: 8/15
  9575 | D:7      | Reached skill level 7 in Air Magic
  9653 | D:7      | Reached ** piety under Vehumet
  9755 | D:7      | Offered knowledge of Throw Frost by Vehumet.
 10030 | D:6      | Reached skill level 5 in Fighting
 10548 | D:7      | Reached skill level 5 in Conjurations
 10683 | D:7      | Reached skill level 8 in Air Magic
 11209 | D:7      | Offered knowledge of Searing Ray by Vehumet.
 11334 | D:8      | Reached XP level 10. HP: 42/68 MP: 14/16
 11669 | D:8      | Reached *** piety under Vehumet
 11831 | D:8      | Found a shattered altar of Ashenzari.
 12066 | D:8      | Found a white marble altar of Elyvilon.
 12098 | D:8      | Found a hazy altar of Hepliaklqana.
 12098 | D:8      | Found an ancient bone altar of Kikubaaqudgha.
 12098 | D:8      | Found a shadowy altar of Dithmenos.
 12132 | D:8      | Reached skill level 5 in Dodging
 12331 | D:8      | Offered knowledge of Olgreb's Toxic Radiance by Vehumet.
 12389 | D:8      | Learned a level 4 spell: Olgreb's Toxic Radiance
 12491 | D:8      | Found a staircase to the Lair.
 12593 | D:8      | Noticed a cyclops
 12966 | D:8      | Noticed an orange demon
 12966 | D:8      | Noticed a rust devil
 12968 | D:8      | Found a basalt altar of Yredelemnul.
 13037 | D:8      | Found Xokkut's Weapon Shop.
 14326 | D:10     | Entered Level 10 of the Dungeon
 14373 | D:10     | Reached skill level 5 in Spellcasting
 14689 | D:10     | Found Kocraim's Armour Boutique.
 14694 | D:10     | Bought the +1 cloak "Pookhim" {rF+ rN+ MR+ Int-2} for 436 gold pieces
 14792 | D:10     | Reached skill level 9 in Air Magic
 15228 | D:10     | Reached **** piety under Vehumet
 15319 | D:10     | Learned a level 2 spell: Blink
 15369 | D:10     | Noticed a two-headed ogre
 15392 | D:10     | Killed a two-headed ogre
 15392 | D:10     | Reached XP level 11. HP: 35/72 MP: 19/19
 15663 | D:10     | Found a staircase to the Orcish Mines.
 15882 | Lair:1   | Entered Level 1 of the Lair of Beasts
 15944 | Lair:1   | Noticed an oklob plant
 15964 | Lair:1   | Noticed a six-headed hydra
 16225 | Lair:1   | Mangled by a six-headed hydra

Skill      XL: |  1  2  3  4  5  6  7  8  9 10 11 |
---------------+----------------------------------+-----
Conjurations   | 1 2 3 5 |  5.0
Spellcasting   | 2 3 4 5 |  5.9
Charms         | 1 |  1.0
Air Magic      | 4 5 6 8 9 |  9.0
Fighting       | 1 2 4 6 |  6.2
Dodging        | 7 |  7.8
Translocations | 2 3 |  3.2
Stealth        | |  2.1

Action                   |  1- 3 |  4- 6 |  7- 9 | 10-12 || total
-------------------------+-------+-------+-------+-------++-------
Melee: Unarmed           |    14 |    13 |       |       ||    27
       Dagger            |       |       |    19 |     1 ||    20
 Cast: Shock             |    68 |   131 |   261 |   289 ||   749
       Swiftness         |       |     2 |     2 |       ||     4
       Airstrike         |       |     3 |    29 |    24 ||    56
       Lightning Bolt    |       |       |       |     7 ||     7
  Use: Potion            |       |     1 |       |       ||     1
       Scroll            |       |     2 |     4 |    12 ||    18
  Eat: Chunk             |     4 |    10 |    21 |    18 ||    53
       Ration            |       |     1 |     1 |     1 ||     3
Armor: Robe              |     2 |    27 |    27 |    12 ||    68
Dodge: Dodged            |    24 |    88 |   123 |   161 ||   396
